AoeStats
← Governor

Four Lakes

510261993Analyzed
1v1 RM · 2d ago on Sep 30, 2026· 48m 4s· 2 players
Game mode
Random Map
Map size
Tiny (2 player)
Population
200
Speed
Normal
Resources
Standard
Victory
Conquest
Starting age
Dark Age
Ending age
Imperial Age
RankedLock teamsTeams togetherTeam positionsShared explorationLock speedFull tech treeHidden civsTurbo modeCheats
Victory
Defeat
🇺🇾 Turks · Uruguay
388
+15
🇨🇳 Vikings · China
377
-15
Governor
10:23 Feudal Age
11:05 Double-Bit Axe
22:09 Gold Mining
22:10 Stone Mining
26:41 Castle Age
25:05 Forging
24:57 Scale Mail Armor
29:07 Chain Mail Armor
29:28 Iron Casting
30:39 Pikeman
31:22 Squires
33:41 Atonement
35:00 Crossbowman
36:34 Gold Shaft Mining
36:02 Town Watch
47:15 Imperial Age
45:28 Fletching
48:36 Siege Engineers
Batux GS
12:13 Feudal Age
18:28 Padded Archer Armor
24:02 Castle Age
23:39 Fletching
25:44 Loom
26:34 Wheelbarrow
25:42 Horse Collar
25:49 Double-Bit Axe
25:58 Gold Mining
26:58 Crossbowman
27:59 Leather Archer Armor
32:17 Thumb Ring
33:02 Bodkin Arrow
36:05 Ballistics
36:36 Stone Mining
37:16 Hand Cart
36:49 Town Watch
38:10 Bow Saw
38:02 Heavy Plow
38:41 Gold Shaft Mining
42:55 Imperial Age
43:22 Town Patrol
44:02 Bracer
Connection lost

Rejoining the realm…

Still unreachable

The connection could not be restored.

Session expired

The server has moved on; the page needs a fresh start.